 Dungeon Crawl Stone Soup version 0.29-a0-1023-g6ae1a4a2c7 (webtiles) character file.

Game seed: 3259253011375358497

7 Newt the Sneak (level 2, 0/24 HPs)
             Began as a Naga Enchanter on Aug 11, 2022.
             Slain by a bat (1 damage)
             ... on level 1 of the Dungeon.
             The game lasted 00:01:10 (679 turns).

Newt the Sneak (Naga Enchanter)                      Turns: 679, Time: 00:01:11

Health: 0/24       AC:  2    Str: 10    XL:     2   Next: 0%
Magic:  5/5        EV:  9    Int: 15    God:
Gold:   59         SH:  0    Dex: 11    Spells: 5/5 levels left

rFire   . . .      SeeInvis +   a - +1 dagger
rCold   . . .      Faith    .   (no shield)
rNeg    . . .      Spirit   .   b - +0 robe
rPois   +          Reflect  .   (no helmet)
rElec   .          Harm     .   g - +0 cloak
rCorr   .          Rampage  .   (no gloves)
Will    .....                   (no barding)
Stlth   ++........              (no amulet)
HPRegen 0.08/turn               (no ring)
MPRegen 0.09/turn               (no ring)

@: invisible (expiring), very slow
A: AC +0, large, see invisible, deformed body, poison resistance, slowness 2,
spit poison 1, naga tail 1
a: Spit Poison


You were on level 1 of the Dungeon.
You visited 1 branch of the dungeon, and saw 1 of its levels.

You collected 59 gold pieces.

Inventory:

Hand Weapons
 a - a +1 dagger (weapon)
Armour
 b - a +0 robe (worn)
 g - a +0 cloak (worn)
Magical Staves
 f - a staff of earth
Potions
 c - a potion of invisibility
 d - a potion of magic {unknown}
 e - a potion of heal wounds {unknown}


   Skills:
 + Level 0.7 Fighting
 + Level 1.6 Short Blades
 - Level 1.5 Dodging
 - Level 4.4 Stealth
 - Level 2.0 Spellcasting
 - Level 3.0 Hexes


You had 5 spell levels left.
You didn't know any spells.
Your spell library contained the following spells:

 Spells                   Type           Power      Damage    Failure   Level
 Ensorcelled Hibernation  Hex/Ice        12%        N/A       19%         2
 Confusing Touch          Hex            10%        N/A       19%         3
 Tukima's Dance           Hex            10%        N/A       19%         3
 Dazzling Flash           Conj/Hex       12%        N/A       34%         3


Dungeon Overview and Level Annotations

Branches:
Dungeon (1/15)

Altars:

Shops:
D:1 :


Innate Abilities, Weirdness & Mutations

Your serpentine skin is tough. (AC +0)
You have supernaturally acute eyesight. (SInv)
Armour fits poorly on your strangely shaped body.
Your system is resistant to poisons. (rPois)
You cover ground very slowly.
You can spit poison.
You have a snake-like lower body.


Message History

The quokka bites you but does no damage.
The bat hits you but does no damage.
Unknown command.
You hit the quokka but do no damage. The bat hits you but does no damage.
The quokka bites you. The quokka barely misses you.
You hit the quokka.
The quokka is lightly wounded.
The bat hits you but does no damage. The bat hits you.
The quokka barely misses you.
You hit the quokka.
The quokka is moderately wounded.
The bat hits you. The quokka bites you.
* * * LOW HITPOINT WARNING * * *
Unknown command.
You fade into invisibility!
The quokka barely misses you. The bat barely misses you. The bat hits you.
* * * LOW HITPOINT WARNING * * *
The bat hits you.
* * * LOW HITPOINT WARNING * * *
The bat hits you but does no damage. The quokka bites you.
* * * LOW HITPOINT WARNING * * *
Unknown command.
The bat barely misses you. The bat barely misses you.
The bat closely misses you.
You see here a +0 club.
The bat barely misses you. The quokka closely misses you.
The quokka bites you but does no damage.
The bat barely misses you. The bat closely misses you.
The bat hits you but does no damage. The quokka closely misses you.
The bat hits you.
* * * LOW HITPOINT WARNING * * *
The bat hits you.
* * * LOW HITPOINT WARNING * * *
The quokka closely misses you.
You flicker for a moment.
The bat hits you.
You die...

.....................#
....######.####......#
....# ###.# #.....∩#
....## #...# ####.###
.....###.### #.#
......#..# #.#
......#.## #.#
......#.# #####.#####
...#..#.## #.r@......#
..##.....# #..b......#
#..##.#..# #)....†...#
#..##.#..# #####.#####
#..#....... ....
#..#........ ....#
.............. .....#
........>..... .....#
##............ #.....#


You could see a quokka (unable to see you) and a bat.

Vanquished Creatures
  2 ball pythons (D:1)
  2 kobolds (D:1)
  A quokka (D:1)
  A goblin (D:1)
6 creatures vanquished.

Notes
Turn   | Place    | Note
-------+----------+-------------------------------------------
     0 | D:1      | Newt the Naga Enchanter began the quest for the Orb.
     0 | D:1      | Reached XP level 1. HP: 15/15 MP: 3/3
   644 | D:1      | Found Qoipudab's Book Shop.
   664 | D:1      | Reached XP level 2. HP: 17/24 MP: 5/5
   678 | D:1      | HP: 1/24 [bat (1)]
   679 | D:1      | Slain by a bat

Illustrated notes

Levels and vault maps discovered:
D:1:      tarquinn_simple_flora_water_b, layout_rooms, serial_shops, shop

Action                   || total
-------------------------++-------
Melee: Dagger            ||    25
  Use: Scroll            ||     1
       Potion            ||     1
Armor: Robe              ||    11
Dodge: Dodged            ||    18

Table legend: (Time is in decaauts)
 A = Elapsed time spent in this place.
 B = Non-inter-level travel time spent in this place.
 C = Inter-level travel time spent in this place.
 D = Time resting spent in this place.
 E = Time spent auto-exploring this place.
 F = Levels seen in this place.
 G = Mean time per level.
                   A        B        C        D        E       F      G
               +--------+--------+--------+--------+--------+-----+--------+
         Total |    802 |    802 |      0 |      0 |    694 |   1 |  802.0 |
       Dungeon |    802 |    802 |      0 |      0 |    694 |   1 |  802.0 |
               +--------+--------+--------+--------+--------+-----+--------+

Top non-repeatable levels by time:
     D:1: 802 daAuts
